 Dungeon Crawl Stone Soup version 0.24-a0-517-gd52e2fb (webtiles) character file.

Game seed: 2629222501439345600

1735 ArcanElement the Magician (level 8, -5/45 HPs)
             Began as a Deep Elf Wizard on July 22, 2019.
             Was a Believer of Sif Muna.
             Killed from afar by a fire dragon (50 damage)
             ... with a blast of flame
             ... on level 8 of the Dungeon.
             The game lasted 00:24:05 (8633 turns).

ArcanElement the Magician (Deep Elf Wizard)         Turns: 8633, Time: 00:24:05

Health: -5/45      AC:  8    Str:  4    XL:     8   Next: 76%
Magic:  17/17      EV: 14    Int: 26    God:    Sif Muna [**....]
Gold:   340        SH:  0    Dex: 13    Spells: 1/17 levels left

rFire    . . .     SeeInvis .   x - +7 dagger
rCold    . . .     Gourm    .   (no shield)
rNeg     . . .     Faith    .   a - +0 robe
rPois    .         Spirit   .   b - +0 hat
rElec    .         Reflect  .   p - +2 cloak
rCorr    .         Harm     .   I - +1 pair of gloves
MR       .....                  y - +0 pair of boots
Stlth    ++........             (no amulet)
HPRegen  0.15/turn              (no ring)
MPRegen  0.15/turn              (no ring)

@: no status effects
A: no striking features
a: Channel Magic, Renounce Religion


You were on level 8 of the Dungeon.
You worshipped Sif Muna.
Sif Muna was pleased with you.
You were hungry.

You visited 2 branches of the dungeon, and saw 9 of its levels.
You also visited: Sewer.

You collected 340 gold pieces.

Inventory:

Hand Weapons
 h - a +0 dagger
 m - a +2 dagger of electrocution
 n - a +3 quarterstaff of chaos
 v - a +1 dagger of holy wrath
 x - a +7 dagger (weapon)
Missiles
 c - 5 poisoned darts (quivered)
 w - 34 arrows
Armour
 a - a +0 robe (worn)
 b - a +0 hat (worn)
 p - a +2 cloak (worn)
 y - a +0 pair of boots (worn)
 I - a +1 pair of gloves (worn)
Wands
 C - a wand of disintegration (16)
 H - a wand of iceblast (10)
Scrolls
 j - 2 scrolls of blinking
 l - 3 scrolls of remove curse
 s - 3 scrolls of teleportation
 A - a scroll of amnesia
 B - a scroll of fog {unknown}
 E - a scroll of silence
 F - 2 scrolls of fear
Potions
 e - 8 potions of curing
 f - a potion of ambrosia
 g - 2 potions of flight {unknown}
 i - 6 potions of agility
 k - 2 potions of heal wounds
 o - a potion of mutation
 q - 2 potions of lignification
 r - a potion of invisibility
 t - a potion of brilliance
 u - a potion of cancellation
 z - a potion of might {unknown}
Comestibles
 d - 15 rations


   Skills:
 - Level 2.6 Fighting
 - Level 4.8 Dodging
 - Level 2.4 Stealth
 - Level 5.0 Spellcasting
 + Level 4.0 Conjurations
   Level 1.7 Hexes
 + Level 4.7 Charms
 + Level 4.1 Summonings
 + Level 3.9 Translocations
 + Level 3.8 Fire Magic
 + Level 3.5 Air Magic
 + Level 3.8 Poison Magic


You had one spell level left.
You knew the following spells:

 Your Spells              Type           Power        Failure   Level  Hunger
a - Magic Dart            Conj           ####         1%          1    None
b - Blink                 Tloc           N/A          2%          2    None
c - Call Imp              Summ           ####....     2%          2    None
d - Swiftness             Chrm/Air       ####....     2%          2    None
e - Mephitic Cloud        Conj/Pois/Air  ####....     4%          3    #......
f - Conjure Flame         Conj/Fire      ####....     4%          3    #......
g - Static Discharge      Conj/Air       ####....     4%          3    #......

Your spell library contained the following spells:

 Spells                   Type           Power        Failure   Level  Hunger
 Shock                    Conj/Air       ####         1%          1    None
 Beastly Appendage        Tmut           #.....       8%          1    None
 Slow                     Hex            ###.....     6%          2    None
 Spider Form              Tmut/Pois      ###.......   11%         3    #......
 Sticks to Snakes         Tmut           #.......     12%         2    None
 Airstrike                Air            ####......   19%         4    ###....
 Lightning Bolt           Conj/Air       ####......   41%         5    #####..
 Ice Form                 Ice/Tmut       #.......     58%         4    ###....
 Blade Hands              Tmut           #.........   91%         5    #####..


Dungeon Overview and Level Annotations

Branches:
Dungeon (8/15)             Temple (1/1) D:4
   Lair: D:8-11

Altars:
Ashenzari
Cheibriados
Dithmenos
Elyvilon
Fedhas
Gozag
Hepliaklqana
Kikubaaqudgha
Makhleb
Nemelex Xobeh
Okawaru
Qazlal
Ru
Sif Muna
Uskayaw
Wu Jian
Xom
Yredelemnul
Zin
The Shining One


Message History

Your crimson imp barely misses the fire dragon.
The fire dragon misses your crimson imp.
The fire dragon closely misses your crimson imp.
The fire dragon tramples your crimson imp!
Your crimson imp is shoved backwards!
Your crimson imp closely misses the fire dragon.
Your crimson imp barely misses the fire dragon.
The fire dragon barely misses your crimson imp.
The fire dragon closely misses your crimson imp.
The fire dragon misses your crimson imp.
Your crimson imp closely misses the fire dragon.
Your crimson imp barely misses the fire dragon.
The fire dragon bites your crimson imp!
Your crimson imp dies!
Your crimson imp hits the fire dragon but does no damage.
There is a stone staircase leading up here.
The fire dragon breathes flames at you. The blast of flame hits you!!!
Ouch! That really hurt!
You die...

#.# #.# #.#
##.#####
.......###########
##.###...........#
.................#
#.###.....5D.....#
....##..........@#
####.##..........#
##.##.........#
##D#[........#
#.#..########
##...## ##...#
#.5.# ##...#


You could see a fire dragon and a friendly crimson imp.

Vanquished Creatures
  Menkaure (D:5)
  A sky beast (D:6)
  An ice beast (D:8)
  An ogre (D:7)
  2 big kobolds (Sewer)
  Blork the orc (D:5)
  A scorpion (D:8)
  A howler monkey (D:7)
  A crimson imp (D:7)
  Crazy Yiuf (D:2)
  3 orc priests
  A bullfrog skeleton (D:7)
  5 orc wizards
  A centaur skeleton (D:8)
  2 iguanas
  2 worker ants
  A hound skeleton (D:6)
  A worker ant zombie (D:5)
  12 adders
  3 gnolls (D:4)
  A river rat (D:5)
  2 oozes
  An adder zombie (D:7)
  An adder skeleton (D:6)
  A worm (D:3)
  2 dart slugs
  4 leopard geckos
  17 orcs
  3 ball pythons
  7 bats
  7 giant cockroaches
  13 goblins
  4 hobgoblins
  6 jackals
  22 kobolds
  2 quokkas
  4 frilled lizards
  A jackal skeleton (D:5)
  13 rats
153 creatures vanquished.

Vanquished Creatures (collateral kills)
  An orc warrior (D:6)
  A sky beast (D:6)
  A big kobold (Sewer)
  3 crimson imps (D:5)
  An orc priest (D:5)
  2 orc wizards
  An iguana (D:8)
  4 worker ants
  An adder (D:5)
  A river rat (D:5)
  2 worms (D:2)
  2 orcs (D:6)
  A rat (D:5)
21 creatures vanquished.

Grand Total: 174 creatures vanquished

Notes
Turn   | Place    | Note
-------+----------+-------------------------------------------
     0 | D:1      | ArcanElement the Deep Elf Wizard began the quest for the
                  | Orb.
     0 | D:1      | Reached XP level 1. HP: 10/10 MP: 7/7
   264 | D:1      | Reached skill level 5 in Spellcasting
   360 | D:1      | Reached XP level 2. HP: 15/15 MP: 8/10
   364 | D:1      | Learned a level 2 spell: Blink
   367 | D:1      | Learned a level 2 spell: Call Imp
   370 | D:1      | Learned a level 2 spell: Slow
   957 | D:2      | Reached skill level 1 in Fighting
   957 | D:2      | Reached XP level 3. HP: 13/20 MP: 4/11
   969 | D:2      | Learned a level 3 spell: Mephitic Cloud
  1126 | D:2      | Found an opulent altar of Gozag.
  1128 | D:2      | Found a shadowy altar of Dithmenos.
  1249 | D:2      | Found an ornate altar of the Wu Jian Council.
  1550 | D:2      | Reached XP level 4. HP: 26/26 MP: 8/13
  1555 | D:2      | Learned a level 3 spell: Conjure Flame
  1928 | D:2      | Found a runed translucent door.
  1929 | D:2      | Noticed Crazy Yiuf
  2199 | D:2      | Killed Crazy Yiuf
  2321 | D:3      | Found an iron altar of Okawaru.
  2327 | D:3      | Found a hazy altar of Hepliaklqana.
  2327 | D:3      | Found a snail-covered altar of Cheibriados.
  2645 | D:3      | Reached XP level 5. HP: 25/31 MP: 8/14
  2937 | D:3      | Found a hide-covered altar of Uskayaw.
  3292 | D:4      | Found a staircase to the Ecumenical Temple.
  3300 | Temple   | Entered the Ecumenical Temple
  3426 | Temple   | Became a worshipper of Sif Muna the Loreminder
  3753 | D:4      | Reached skill level 1 in Hexes
  3753 | D:4      | Reached skill level 1 in Poison Magic
  3908 | D:4      | Reached XP level 6. HP: 36/36 MP: 5/15
  3930 | D:4      | Learned a level 2 spell: Swiftness
  4067 | D:4      | Noticed an orc warrior
  4078 | D:4      | Reached skill level 1 in Fire Magic
  4078 | D:4      | Reached skill level 1 in Air Magic
  4358 | D:4      | Reached skill level 1 in Charms
  4861 | D:5      | Entered Level 5 of the Dungeon
  5012 | D:5      | Reached * piety under Sif Muna
  5016 | D:5      | Reached XP level 7. HP: 39/40 MP: 5/16
  5044 | D:5      | Noticed Menkaure
  5061 | D:5      | Killed Menkaure
  5088 | D:5      | Found a glowing drain.
  5101 | Sewer    | Entered a sewer
  5205 | Sewer    | Learned a level 3 spell: Static Discharge
  5555 | Sewer    | Reached ** piety under Sif Muna
  6079 | D:5      | Noticed Blork the orc
  6090 | D:5      | Killed Blork the orc
  6090 | D:5      | Reached XP level 8. HP: 45/45 MP: 3/17
  8395 | D:8      | Noticed a fire dragon
  8633 | D:8      | Killed from afar by a fire dragon

Levels and vault maps discovered:
D:1:      dpeg_arrival_fog, layout_basic, minmay_quantized
D:2:      minmay_door_path, layout_basic, gammafunk_temple_overflow_forgotten,
          bh_walls_and_bars, uniq_crazy_yiuf_cottage
D:3:      layout_basic, eat_drink_and_be_merry_uskayaw, minitemple
D:4:      layout_loops_corners, minmay_temple_entry_gardened_gates, first_ration
D:5:      layout_gridville, portal_sewer_entry_a, uniq_blork_the_orc,
          uniq_menkaure
D:6:      layout_basic, kennysheep_small_spiral, kennysheep_generic_room_16
D:7:      layout_basic
D:8:      minmay_the_grid_octo_triangle [minmay_the_grid_octo_checkerflower,
          minmay_the_grid_octo_prize_single_spiral, minmay_the_grid_octo_chip],
          layout_rooms, david_lair_generic, minmay_misc_feat_more_columns,
          grunt_pizzeria
Temple:   nicolae_temple_figure_eight

Skill      XL: |  1  2  3  4  5  6  7  8 |
---------------+-------------------------+-----
Spellcasting   | 5 |  5.0
Fighting       | 1 2 |  2.6
Dodging        | 3 4 |  4.8
Hexes          | 1 |  1.7
Poison Magic   | 1 2 3 |  3.8
Fire Magic     | 1 2 3 |  3.8
Air Magic      | 1 2 3 |  3.5
Charms         | 1 3 4 |  4.7
Summonings     | 2 3 4 |  4.1
Conjurations   | 2 3 4 |  4.0
Translocations | 2 3 |  3.9
Stealth        | |  2.4

Action                   |  1- 3 |  4- 6 |  7- 9 || total
-------------------------+-------+-------+-------++-------
Melee: Quarterstaff      |       |    17 |       ||    17
       Dagger            |       |    26 |    46 ||    72
 Cast: Magic Dart        |    91 |   115 |   120 ||   326
       Call Imp          |     5 |    18 |    18 ||    41
       Mephitic Cloud    |       |     8 |    14 ||    22
       Conjure Flame     |       |     7 |     9 ||    16
       Static Discharge  |       |       |     7 ||     7
       Blink             |       |       |     2 ||     2
  Use: Scroll            |     3 |     6 |    12 ||    21
       Potion            |       |     1 |     5 ||     6
 Stab: Petrified         |       |     6 |       ||     6
       Sleeping          |       |     2 |       ||     2
       Confused          |       |       |     2 ||     2
       Distracted        |       |       |     1 ||     1
  Eat: Chunk             |     2 |     7 |     8 ||    17
       Ration            |       |     1 |     1 ||     2
Armor: Robe              |     1 |     8 |     8 ||    17
       Skin              |       |       |    18 ||    18
Dodge: Dodged            |    16 |    41 |    42 ||    99

Table legend:
 A = Non-vault XP
 B = Vault XP
 C = Vault XP percentage of total XP
 D = Non-vault monster count
 E = Vault monster count
 F = Vault count percentage of total count
                 A         B        C        D         E       F
            +---------+---------+-------+---------+---------+-------
      Total |    1819 |     660 |  26.6 |     134 |      40 |  23.0
            +---------+---------+-------+---------+---------+-------
        D:1 |      25 |       6 |  19.4 |      15 |       4 |  21.1
        D:2 |      82 |      51 |  38.3 |      25 |       5 |  16.7
        D:3 |      86 |       0 |   0.0 |      23 |       0 |   0.0
        D:4 |     302 |       0 |   0.0 |      20 |       0 |   0.0
        D:5 |     342 |     288 |  45.7 |      20 |       6 |  23.1
        D:6 |     396 |      40 |   9.2 |      15 |       1 |   6.2
        D:7 |     360 |       0 |   0.0 |      11 |       0 |   0.0
        D:8 |     226 |       0 |   0.0 |       5 |       0 |   0.0
      Sewer |       0 |     275 | 100.0 |       0 |      24 | 100.0
            +---------+---------+-------+---------+---------+-------
